Map: Paladino Terminal LE

Players

Musumeci

  • Race: Zerg Zerg
  • League: Diamond
  • Spawn Location: 9:00

ejna - Winner!

  • Race: Zerg Zerg
  • League: Diamond
  • Spawn Location: 5:00

VOD

Have the link to the VOD?

Description

Time

  • Played on: March 15, 2017, 1:03 p.m.
  • Length: 11:09
Show
View Real Time Build Order
Export as new Build Order

Musumeci Zerg 

Build Orders: Pool First, Zergling Baneling 

Get SALT Encoding   

  12  0:01  Drone  
  13  0:12  Drone  
  14  0:19  Drone, Extractor  
  15  0:33  Overlord  
  15  0:41  Extractor  
  14  0:45  Spawning Pool  
  14  0:47  Drone  
  14  0:52  Drone  
  14  0:56  Drone  
  16  1:32  Hatchery  
  15  1:33  Drone  
  16  1:42  Metabolic Boost  
  16  1:45  Zergling x2  
  17  1:49  Zergling x2  
  17  1:53  Zergling x2  
  19  1:58  Zergling x2  
  20  2:11  Queen  
  22  2:20  Baneling Nest  
  21  2:35  Zergling x2  
  21  2:36  Overlord  
  22  2:53  Zergling x6  
  25  3:03  Baneling x2  
  25  3:04  Baneling  
  25  3:05  Zergling x4  
  19  3:30  Zergling x4  
  19  3:31  Zergling x8  
  24  3:39  Zergling x4  
  23  3:57  Baneling x2  
  23  3:58  Zergling x2  
  23  4:00  Baneling x2  
  23  4:02  Baneling x2  
  24  4:04  Baneling  
  24  4:14  Spine Crawler  
  17  4:32  Zergling x6  
  18  4:48  Zergling x2  
  18  4:51  Queen  
  17  5:14  Zergling x4  
  19  5:23  Baneling  
  19  5:25  Zergling x2  
  20  5:34  Zergling x2  
  20  5:46  Zergling x2  
  19  6:01  Zergling x8  
  20  6:27  Zergling x4  
  22  6:35  Baneling  
  22  6:36  Baneling x2  
  22  6:43  Hatchery  
  20  6:50  Hatchery  
  16  7:04  Zergling x6  
  17  7:20  Zergling x2  
  18  7:29  Zergling x2  
  18  7:45  Zergling x2  
  19  7:58  Queen  
  18  8:00  Drone x4  
  18  8:02  Drone  
  25  8:07  Zergling x2  
  26  8:17  Evolution Chamber  
  21  8:53  Zergling x2  
  21  8:55  Drone x12  
  33  9:06  Roach Warren  
  32  9:10  Zergling x2  
  33  9:21  Drone  
  33  9:22  Drone x4  
  38  9:29  Baneling x2  
  37  9:46  Roach x2  
  39  9:55  Roach  
  39  9:57  Overlord x2  
  41  10:15  Roach x2  
  41  10:16  Roach x3  
  41  10:17  Overlord x2  
  41  10:18  Overlord x2  
  51  10:36  Roach x4  
  34  10:50  Roach  
  28  11:04  Ravager  
Show
View Real Time Build Order
Export as new Build Order

ejna Zerg - Winner!

Build Orders: Pool First, Zergling Baneling 

Get SALT Encoding   

  12  0:01  Drone  
  13  0:08  Drone  
  14  0:27  Spawning Pool  
  13  0:30  Extractor  
  13  0:32  Drone  
  13  0:36  Drone  
  14  0:45  Overlord  
  14  0:51  Extractor  
  14  0:54  Drone  
  15  1:06  Drone  
  16  1:14  Queen  
  18  1:27  Zergling x2  
  18  1:28  Zergling x4  
  18  1:31  Metabolic Boost  
  21  1:40  Overlord  
  21  1:58  Baneling Nest  
  21  2:00  Drone  
  21  2:04  Zergling x2  
  22  2:14  Zergling x2  
  23  2:32  Zergling x2  
  23  2:33  Zergling x6  
  26  2:47  Baneling x2  
  26  2:48  Baneling  
  26  2:59  Overlord  
  26  3:01  Hatchery  
  25  3:06  Baneling x2  
  23  3:31  Zergling x12  
  26  3:40  Overlord  
  25  3:53  Baneling x4  
  24  3:57  Baneling  
  24  3:58  Baneling  
  24  4:05  Queen  
  25  4:32  Zergling x2  
  25  4:33  Zergling x8  
  26  4:51  Drone  
  26  4:52  Drone x3  
  29  4:54  Baneling  
  29  4:55  Baneling x2  
  29  4:59  Drone  
  30  5:05  Drone  
  30  5:16  Spine Crawler, Drone  
  29  5:21  Baneling x2  
  29  5:24  Zergling x2  
  29  5:25  Zergling x2  
  31  5:33  Baneling x2  
  31  5:34  Drone x2  
  33  5:45  Drone  
  33  5:46  Drone  
  33  5:59  Baneling x3  
  33  6:00  Roach Warren  
  33  6:01  Evolution Chamber  
  33  6:03  Zergling x2  
  31  6:08  Drone x2  
  32  6:27  Drone x2  
  32  6:28  Drone x2  
  32  6:29  Zerg Missile Weapons Level 1  
  32  6:30  Overlord  
  32  6:31  Extractor  
  35  6:35  Baneling x2  
  35  6:39  Overlord  
  35  6:44  Roach  
  36  6:58  Roach  
  36  6:59  Roach x2  
  36  7:00  Zergling x2  
  36  7:01  Zergling x2  
  42  7:10  Queen  
  42  7:15  Lair  
  42  7:18  Drone x2  
  44  7:23  Drone x3  
  47  7:32  Drone x3, Extractor  
  49  7:37  Overlord  
  49  7:44  Baneling x2  
  49  7:47  Drone x2  
  51  7:51  Drone x3  
  54  8:07  Roach x5  
  54  8:12  Ravager  
  66  8:13  Ravager  
  66  8:15  Ravager  
  66  8:18  Drone, Extractor  
  66  8:19  Drone  
  68  8:21  Overlord  
  66  8:47  Roach  
  66  8:48  Roach x4  
  76  8:53  Overlord  
  76  8:54  Drone, Overlord  
  76  8:59  Overlord  
  76  9:04  Glial Reconstitution  
  76  9:11  Hatchery, Queen  
  76  9:15  Ravager x2  
  79  9:20  Spore Crawler  
  78  9:35  Roach x7  
  92  9:40  Overlord  
  92  9:41  Drone  
  93  9:52  Drone  
  88  9:55  Drone x2  
  88  9:56  Drone  
  88  9:59  Zergling x2  
  91  10:03  Zergling x2  
  91  10:04  Zergling x2  
  93  10:08  Zergling x2  
  94  10:19  Drone x2  
  96  10:23  Zergling x2  
  96  10:24  Baneling x2  
  96  10:26  Baneling  
  96  10:27  Baneling  
  96  10:28  Drone  
  98  10:47  Roach x6  
  98  10:48  Roach x2  
Tags
 
Add a new tag
Caveats
  • Supply blocks, unpowered buildings, or Contaminate may cause inaccurate times.
  • Supply counts are checked every 10 seconds.